 Dungeon Crawl Stone Soup version 0.15.0-31-geb66e34 (webtiles) character file.

153 Kex the Magician (level 5, 0/24 HPs)
             Began as a Spriggan Conjurer on Sept 13, 2014.
             Succumbed to a giant mite's poison
             ... on Level 4 of the Dungeon.
             The game lasted 00:17:41 (3535 turns).

Kex the Magician (Spriggan Conjurer)                Turns: 3535, Time: 00:17:41

HP   0/24        AC  1     Str  4      XL: 5   Next: 12%
MP  18/18        EV 19     Int 20      God:
Gold 107         SH  0     Dex 16      Spells:  4 memorised,  3 levels left

rFire  + . .     SeeInvis +     h - +0 short sword
rCold  + . .     Clarity  .     a - +0 robe
rNeg   . . .     rCorr    +     (shield restricted)
rPois  +         rRot     .     (helmet restricted)
rElec  +         Spirit   .     (no cloak)
SustAb .         Warding  .     (gloves unavailable)
rMut   .         Stasis   .     (boots unavailable)
Gourm  .                        (no amulet)
MR     .....                    (no ring)
                                (no ring)

@: lethally poisoned, resistant, drained, very quick, not resistant to hostile
enchantments, fairly stealthy
A: unfitting armour, see invisible, breathe flames 1, clever 1, deformed body,
herbivore 3, speed 3, slow metabolism 2
a: Breathe Fire


You were on level 4 of the Dungeon.
You were full.

You visited 1 branch of the dungeon, and saw 4 of its levels.

You collected 107 gold pieces.

Inventory:

Hand weapons
 h - a +0 short sword (weapon)
Armour
 a - a +0 robe (worn)
Comestibles
 j - a bread ration
Scrolls
 e - 8 scrolls of identify {unknown}
 g - a scroll of remove curse {unknown}
 i - a scroll of teleportation {unknown}
 k - a scroll of noise {unknown}
 n - a scroll of amnesia {unknown}
Jewellery
 f - a +5 ring of dexterity {unknown}
 m - an uncursed ring of flight {unknown}
 o - an uncursed ring of magical power {unknown}
Books
 c - a book of Conjurations

   Spells                             Type                      Level
   *Magic Dart                        Conjuration                  1
   *Searing Ray                       Conjuration                  2
   *Dazzling Spray                    Conjuration/Hexes            3
   Fulminant Prism                    Conjuration/Hexes            4
   *Iskenderun's Mystic Blast         Conjuration                  4
   Iskenderun's Battlesphere          Conjuration/Charms           5


   Skills:
 + Level 0.1(0.0) Fighting
 + Level 4.0(3.7) Dodging
 * Level 3.8(3.6) Stealth
 * Level 4.5(4.3) Spellcasting
 + Level 3.7(3.5) Conjurations


You had 3 spell levels left.
You knew the following spells:

 Your Spells              Type           Power        Failure   Level  Hunger
a - Magic Dart            Conj           ###.         2%          1    None
b - Searing Ray           Conj           ###...       4%          2    #......
c - Iskenderun's Mystic   Conj           ###.....     30%         4    ####...
d - Dazzling Spray        Conj/Hex       ##......     21%         3    ###....


Dungeon Overview and Level Annotations

Branches:
Dungeon (4/15)
 Temple: D:4-7

Altars:
Kikubaaqudgha
Nemelex Xobeh
Trog
Zin

Portals:
Sewer: D:4

Annotations:
D:4 Dowan, Duvessa


Innate Abilities, Weirdness & Mutations

You are tiny and cannot use many weapons and most armour.
You have supernaturally acute eyesight.
You are a herbivore.
You cover ground extremely quickly.
You need consume almost no food.
You can breathe flames.
Your mind is acute. (Int +2)
Armour fits poorly on your strangely shaped body.


Message History

Dowan gestures wildly while chanting.
Dowan blinks!
* * * LOW HITPOINT WARNING * * *
You feel sick. The giant frog closely misses you. The giant frog misses you.
The giant frog closely misses you.
* * * LOW HITPOINT WARNING * * *
You feel sick.
Drink which item? (? for menu, Esc to quit)
You feel protected.
It was a potion of resistance.
The giant frog completely misses you.
Drink which item? (? for menu, Esc to quit)
You feel extremely strange.
You feel clever.
Your body twists and deforms.
Your throat feels hot.
It was a potion of mutation.
The giant frog completely misses you.
Drink which item? (? for menu, Esc to quit)
That potion was really gluggy!
The giant frog barely misses you. The giant frog misses you.
The giant cockroach waves its antennae.
You die...

######
#sl..##
####.#...#
#..F.#≈ls#
#@####≈s≈#
#...# #≈≈l#
#.#.# #≈e≈#
#.#.. #K∩e# #
### #≈s≈#
..## #≈≈≈#
..##
#≈≈≈######.##
#≈≈≈##.......
#...##.......


You could see a giant frog and a giant gecko.

Vanquished Creatures
  A hound (D:3)
  Ijyb (D:3)
  3 adders (D:3)
  2 worms (D:2)
  2 giant geckos
  An orc (D:3)
  8 bats
  5 goblins
  11 hobgoblins
  7 jackals
  A quokka (D:2)
  A ball python (D:3)
  2 giant newts
  5 kobolds
  8 rats
58 creatures vanquished.

Notes
Turn   | Place    | Note
--------------------------------------------------------------
     0 | D:1      | Kex, the Spriggan Conjurer, began the quest for the Orb.
     0 | D:1      | Reached XP level 1. HP: 9/9 MP: 4/4
   225 | D:1      | Reached XP level 2. HP: 10/13 MP: 0/7
  1379 | D:2      | Reached XP level 3. HP: 16/16 MP: 8/10
  1393 | D:2      | Learned a level 2 spell: Searing Ray
  1697 | D:2      | Found a sparkling altar of Nemelex Xobeh.
  1829 | D:3      | Found a bloodstained altar of Trog.
  1829 | D:3      | Noticed Ijyb
  1837 | D:3      | Killed Ijyb
  1893 | D:3      | Found an ancient bone altar of Kikubaaqudgha.
  2333 | D:3      | Reached XP level 4. HP: 21/21 MP: 5/14
  2396 | D:3      | Learned a level 4 spell: Iskenderun's Mystic Blast
  2400 | D:3      | Learned a level 3 spell: Dazzling Spray
  2425 | D:3      | Reached skill level 4 in Spellcasting
  2936 | D:3      | Reached XP level 5. HP: 24/24 MP: 10/18
  3417 | D:4      | Noticed an ogre
  3432 | D:4      | Found a glowing silver altar of Zin.
  3492 | D:4      | Found a glowing drain.
  3496 | D:4      | Noticed Duvessa
  3501 | D:4      | Noticed Dowan
  3530 | D:4      | HP: 1/24 [poisoned by a giant mite]
  3532 | D:4      | Gained mutation: Your mind is acute. (Int +2) [potion of mutation]
  3532 | D:4      | Gained mutation: Armour fits poorly on your strangely shaped body. [potion of mutation]
  3532 | D:4      | Gained mutation: You can breathe flames. [potion of mutation]
  3535 | D:4      | Succumbed to a giant mite's poison

Action                   |  1- 3 |  4- 6 || total
-------------------------+-------+-------++-------
Melee: Unarmed           |    35 |       ||    35
       Short sword       |    10 |     7 ||    17
 Cast: Magic Dart        |    97 |    43 ||   140
       Searing Ray       |     3 |     5 ||     8
       Dazzling Spray    |       |     2 ||     2
       Iskenderun's Myst |       |     1 ||     1
  Use: Potion            |       |     3 ||     3
